 Dungeon Crawl Stone Soup version 0.31.0-11-ge490571c62 (webtiles) character file.

Game seed: 14962911141744262546

11857 Yore the Fighter (level 11, -1/78 HPs)
             Began as a Gargoyle Fighter on Jan 27, 2024.
             Was an Elder of the Shining One.
             Slain by a harpy simulacrum (8 damage)
             ... in an ice cave.
             The game lasted 00:20:53 (10049 turns).

Yore the Fighter (Gargoyle Fighter)                Turns: 10049, Time: 00:20:53

Health: -1/78      AC: 27    Str: 26    XL:     11   Next: 84%
Magic:  13/13      EV:  7    Int: 10    God:    the Shining One [****..]
Gold:   601        SH:  6    Dex: 19    Spells: 10/10 levels left

rFire   x . .        a - +10 whip of Arcadian Forgiveness {heavy, Str+7}
rCold   + . .        I - +0 buckler {AC+3}
rNeg    + + +        K - +0 acid dragon scales
rPois   ∞            x - +0 helmet
rElec   +            q - +1 cloak
rCorr   +            s - +0 pair of gloves of Entitlement {Will+++}
SInv    .            c - +1 pair of boots
Will    +++..        (no amulet)
Stlth   +            m - +6 ring of dexterity
HPRegen 0.33/turn    n - ring of ice
MPRegen 0.13/turn

%: no passive effects
@: glowing, constricted, studying Axes
A: sickness immunity, AC +8, negative energy resistance 1, electricity
resistance, torment resistance 1, petrification resistance
a: Renounce Religion, Divine Shield, Cleansing Flame


You were in an ice cave.
You worshipped the Shining One.
The Shining One was greatly pleased with you.
You visited 2 branches of the dungeon, and saw 12 of its levels.
You also visited: Ice Cave.

You collected 601 gold pieces.

Inventory:

Hand Weapons
 a - the +10 whip of Arcadian Forgiveness (weapon) {heavy, Str+7}
   (You found it on level 7 of the Dungeon)

   Str+7:     It affects your strength (+7).
Missiles
 w - 2 boomerangs (quivered)
Armour
 c - a +1 pair of boots (worn)
 q - a +1 cloak (worn)
 s - the +0 pair of gloves of Entitlement (worn) {Will+++}
   (You found it on level 3 of the Dungeon)

   Will+++:   It greatly increases your willpower.
 x - a +0 helmet (worn)
 I - a +0 buckler of protection (worn)
 K - +0 acid dragon scales (worn)
Jewellery
 l - a ring of wizardry
 m - a +6 ring of dexterity (left hand)
 n - a ring of ice (right hand)
Wands
 f - a wand of charming (8)
 u - a wand of iceblast (14)
 y - a wand of flame (7)
 B - a wand of mindburst (8)
 F - a wand of digging (4)
 G - a wand of polymorph (4)
Scrolls
 e - 3 scrolls of blinking
 g - 4 scrolls of enchant armour
 h - 2 scrolls of teleportation
 i - 2 scrolls of enchant weapon
 j - a scroll of revelation
 o - 2 scrolls of poison {unknown}
 p - 4 scrolls of noise {unknown}
 C - a scroll of amnesia {unknown}
 D - 2 scrolls of fog {unknown}
 E - 3 scrolls of brand weapon {unknown}
Potions
 b - a potion of ambrosia {unknown}
 d - 2 potions of might
 k - a potion of enlightenment
 r - 6 potions of curing
 t - 4 potions of magic
 v - 3 potions of mutation
 z - a potion of haste
 A - 2 potions of lignification
 J - a potion of heal wounds
Miscellaneous
 H - a phantom mirror


   Skills:
 * Level 13.1 Fighting
 + Level 11.6 Maces & Flails
 + Level 9.6 Armour
 - Level 4.0 Shields
 * Level 2.9 Invocations


You had 10 spell levels left.
You didn't know any spells.
Your spell library contained the following spells:

 Spells                   Type           Power      Damage    Failure   Level
 Apportation              Tloc           0%         N/A       47%         1
 Necrotise                Necr           0%         1d4       47%         1
 Slow                     Hex            0%         N/A       47%         1
 Sting                    Conj/Alch      0%         1d3       47%         1
 Summon Small Mammal      Summ           0%         N/A       47%         1
 Mercury Vapours          Alch/Air       0%         N/A       63%         2
 Confusing Touch          Hex            0%         N/A       85%         3
 Sigil of Binding         Hex            0%         N/A       85%         3
 Tukima's Dance           Hex            0%         N/A       85%         3
 Vampiric Draining        Necr           0%         2d6       85%         3
 Dimensional Bullseye     Hex/Tloc       0%         N/A       99%         4
 Iskenderun's Mystic Bla  Conj/Tloc      0%         2d3       99%         4
 Olgreb's Toxic Radiance  Alch           0%         N/A       99%         4
 Haunt                    Necr/Summ      0%         N/A       100%        7
 Borgnjor's Revivificati  Necr           0%         N/A       100%        8
 Death's Door             Necr           0%         N/A       100%        9


Dungeon Overview and Level Annotations

Branches:
Dungeon (11/15)            Temple (1/1) D:4            Lair (0/5) D:10
  IceCv (1/1)
    Orc: D:9-12

Altars:
Ashenzari
Cheibriados
Dithmenos
Elyvilon
Fedhas
Gozag
Hepliaklqana
Kikubaaqudgha
Makhleb
Nemelex Xobeh
Okawaru
Qazlal
Ru
Sif Muna
Trog
Uskayaw
Vehumet
Wu Jian
Xom
Yredelemnul
Zin
The Shining One
Lugonu

Annotations:
D:9 2 transporters


Innate Abilities, Weirdness & Mutations

You are immune to sickness and miasma.
Your stone body is resilient. (AC +8)
You are immune to poison.
You resist negative energy. (rN+)
You are resistant to electric shocks. (rElec)
You are resistant to unholy torment.
You are immune to petrification.


Message History

The anaconda simulacrum constricts you.
You escape the anaconda simulacrum's grasp.
The harpy simulacrum claws you but does no damage. x2
The harpy simulacrum attacks as it pursues you!
The harpy simulacrum claws you but does no damage. x3
You block the harpy simulacrum's attack.
The anaconda simulacrum grabs you.
You block the anaconda simulacrum's attack.
The anaconda simulacrum constricts you. The harpy simulacrum barely misses you.
The harpy simulacrum claws you. The harpy simulacrum freezes you! You resist.
Activating: Cleansing Flame (61% risk of failure)
Press: ? - help, Dir - look around, f - activate You fail to use your ability.
The harpy simulacrum barely misses you.
You block the harpy simulacrum's attack.
The anaconda simulacrum bites you but does no damage.
The anaconda simulacrum constricts you. The anaconda simulacrum bites you.
The anaconda simulacrum freezes you! You resist.
The anaconda simulacrum constricts you.
Activating: Cleansing Flame (61% risk of failure)
Press: ? - help, Dir - look around, f - activate You fail to use your ability.
The anaconda simulacrum barely misses you.
The anaconda simulacrum constricts you.
The harpy simulacrum claws you but does no damage. x2
You whack the white ugly thing!
The white ugly thing is moderately wounded.
The harpy simulacrum claws you. The harpy simulacrum freezes you! You resist.
* * * LOW HITPOINT WARNING * * *
You block the harpy simulacrum's attack.
You block the anaconda simulacrum's attack.
The anaconda simulacrum constricts you.
The white ugly thing stings you but does no damage.
The harpy simulacrum claws you.
* * * LOW HITPOINT WARNING * * *
The harpy simulacrum freezes you! You resist.
* * * LOW HITPOINT WARNING * * *
The harpy simulacrum claws you.
* * * LOW HITPOINT WARNING * * *
The harpy simulacrum freezes you! You resist.
You die...

#...
##.##
##...##
##.....##
#.......#
#.......#
#.......#
#..ZuZ..#
#...@...#
####.####
#).....[#
#.......#
#[......#
#.......#
#.......#
##.....##
##...##


You could see a white ugly thing, an anaconda simulacrum and a harpy simulacrum.

Vanquished Creatures
  Fannar (D:10)
  2 two-headed ogres
  Pikel (D:7)
  An ugly thing (IceCv)
  3 ice statues (IceCv)
  An anaconda simulacrum (IceCv)
  A hornet (D:8)
  A shadow (D:9)
  A wyvern (D:9)
  A vampire (D:9)
  2 wraiths (D:10)
  15 yaks
  2 steam dragons
  2 death yak simulacra (IceCv)
  2 acid dragons (D:10)
  3 water moccasins (D:10)
  A sky beast (D:8)
  2 black bears
  4 ogres
  7 centaurs
  2 phantoms
  A lemure (D:7)
  7 bullfrogs
  Blork the orc (D:5)
  3 gnoll sergeants
  A cane toad simulacrum (IceCv)
  3 scorpions
  3 wights
  2 elephant simulacra (IceCv)
  11 killer bees
  A howler monkey (D:10)
  Crazy Yiuf (D:2)
  A hound (D:2)
  A bombardier beetle (D:6)
  A gnoll bouda (D:8)
  4 orc priests
  4 iguanas
  9 orc wizards
  A polar bear simulacrum (IceCv)
  A wolf simulacrum (IceCv)
  22 gnolls
  8 adders
  A river rat (D:3)
  3 white imps (D:5)
  2 ufetubi
  4 dart slugs
  3 ribbon worms
  27 orcs
  4 endoplasms
  A giant cockroach (D:2)
  19 goblins
  10 hobgoblins
  4 quokkas
  8 ball pythons
  9 bats
  4 frilled lizards
  9 kobolds
  8 rats
257 creatures vanquished.

Vanquished Creatures (collateral kills)
  A gnoll (D:9)
1 creature vanquished.

Vanquished Creatures (others)
  An orc wizard (D:4)
  2 orcs (D:7)
3 creatures vanquished.

Grand Total: 261 creatures vanquished

Notes
Turn   | Place    | Note
-------+----------+-------------------------------------------
     0 | D:1      | Yore the Gargoyle Fighter began the quest for the Orb.
     0 | D:1      | Reached XP level 1. HP: 14/14 MP: 1/1
    88 | D:1      | Reached XP level 2. HP: 16/19 MP: 2/2
   266 | D:1      | Found a faded altar of an unknown god.
   537 | D:1      | Reached XP level 3. HP: 24/24 MP: 3/3
   919 | D:2      | Reached skill level 4 in Fighting
  1051 | D:2      | Reached XP level 4. HP: 27/29 MP: 4/4
  1283 | D:2      | Found a runed translucent door.
  1284 | D:2      | Noticed Crazy Yiuf
  1530 | D:2      | Killed Crazy Yiuf
  1531 | D:2      | Reached XP level 5. HP: 17/34 MP: 5/5
  1682 | D:3      | Found a shadowy altar of Dithmenos.
  1878 | D:3      | Found a sacrificial altar of Ru.
  2146 | D:3      | Reached skill level 5 in Fighting
  2170 | D:3      | Reached XP level 6. HP: 20/40 MP: 6/6
  2330 | D:3      | Identified the +0 pair of gloves of Entitlement {Will+++}
  2833 | D:4      | Noticed a black bear
  2836 | D:4      | Killed a black bear
  2852 | D:4      | Reached XP level 7. HP: 37/45 MP: 7/7
  2855 | D:4      | Found a staircase to the Ecumenical Temple.
  2970 | Temple   | Entered the Ecumenical Temple
  3003 | Temple   | Became a worshipper of the Shining One
  3636 | D:5      | Entered Level 5 of the Dungeon
  3694 | D:5      | Reached skill level 6 in Fighting
  3694 | D:5      | Reached skill level 5 in Maces & Flails
  3794 | D:5      | Reached skill level 5 in Armour
  3822 | D:5      | Noticed Blork the orc
  3826 | D:5      | Killed Blork the orc
  3827 | D:5      | Reached XP level 8. HP: 52/52 MP: 8/8
  4091 | D:5      | Reached skill level 7 in Fighting
  4204 | D:5      | Reached * piety under the Shining One
  4531 | D:6      | Identified the +4 rapier of the Pill Bug {antimagic, Int+4}
  4537 | D:6      | Identified the +0 leather armour of Untold Secrets {Will+}
  4805 | D:6      | Reached skill level 8 in Fighting
  5158 | D:7      | Reached XP level 9. HP: 60/60 MP: 9/9
  5204 | D:7      | Identified the +10 whip of Arcadian Forgiveness {heavy,
                  | Str+7}
  5342 | D:7      | Noticed Pikel
  5350 | D:7      | Killed Pikel
  5351 | D:7      | Reached skill level 9 in Fighting
  5699 | D:8      | Noticed a hornet
  5714 | D:8      | Killed a hornet
  5792 | D:8      | Reached ** piety under the Shining One
  5894 | D:8      | Reached skill level 10 in Fighting
  6193 | D:8      | Reached XP level 10. HP: 65/68 MP: 10/10
  6695 | D:9      | Noticed a two-headed ogre
  6703 | D:9      | Killed a two-headed ogre
  6881 | D:9      | Found a transporter.
  6882 | D:9      | Noticed a brown ugly thing
  6894 | D:9      | Noticed a purple ugly thing
  6896 | D:9      | Found a corrupted altar of Lugonu.
  7082 | D:9      | Reached skill level 11 in Fighting
  7309 | D:9      | Reached skill level 10 in Maces & Flails
  7691 | D:9      | Found a transporter.
  7691 | D:9      | Noticed a red ugly thing
  7691 | D:9      | Noticed an unseen horror
  7691 | D:9      | Noticed a brown ugly thing
  7856 | D:10     | Entered Level 10 of the Dungeon
  7893 | D:9      | Reached XP level 11. HP: 72/76 MP: 11/11
  8141 | D:10     | Noticed a two-headed ogre
  8144 | D:10     | Noticed Fannar
  8152 | D:10     | Killed a two-headed ogre
  8153 | D:10     | Reached skill level 12 in Fighting
  8159 | D:10     | Killed Fannar
  8295 | D:10     | Reached *** piety under the Shining One
  8329 | D:10     | Found a staircase to the Lair.
  8823 | D:10     | Found a broken altar of Ashenzari.
  8823 | D:10     | Found a blossoming altar of Fedhas.
  8823 | D:10     | Found a shimmering blue altar of Sif Muna.
  8823 | D:10     | Found a hazy altar of Hepliaklqana.
  8867 | D:10     | Found a white marble altar of Elyvilon.
  8867 | D:10     | Found a stormy altar of Qazlal.
  8869 | D:10     | Found an opulent altar of Gozag.
  8869 | D:10     | Found a shimmering altar of Xom.
  8869 | D:10     | Found a hide-covered altar of Uskayaw.
  9260 | D:11     | Found a frozen archway.
  9275 | IceCv    | Entered an ice cave
  9295 | IceCv    | Reached skill level 1 in Invocations
  9362 | IceCv    | Noticed a white ugly thing
  9376 | IceCv    | Killed a white ugly thing
  9427 | IceCv    | Reached skill level 13 in Fighting
  9570 | IceCv    | Noticed a white ugly thing
  9570 | IceCv    | Reached **** piety under the Shining One
 10049 | IceCv    | Slain by a harpy simulacrum

Illustrated notes

Levels and vault maps discovered:
D:1:      nzn_arrival_water_spiral, layout_loops_ring,
          hellmonk_ecumenical_altar_blasted, minmay_close_crescents
D:2:      layout_rooms, uniq_crazy_yiuf_cottage
D:3:      layout_loops_ring, mainiacjoe_overflow_catch_the_wave, serial_glass,
          glass_columns_b, glass_columns_a,
          mainiacjoe_sewer_entry_somewhere_in_here_1, minmay_goblin_outpost
D:4:      layout_rooms, minmay_temple_entry_statues, chequers_big_river,
          st_stairs_11
D:5:      layout_basic, uniq_blork_the_orc
D:6:      layout_cave_pools
D:7:      layout_basic, uniq_pikel
D:8:      layout_loops_corners, minmay_misc_feat_secret_circle, minmay_between
D:9:      gammafunk_corrupted_shrine, layout_basic
D:10:     layout_basic, nicolae_overflows_in_rows, due_lair_maze_entry_diamond,
          kennysheep_small_circle, uniq_fannar
D:11:     nicolae_cairo_tiling_large, layout_loops_ring,
          portal_ice_cave_entry_pillars_2
Temple:   minmay_temple_curvy_loop
IceCv:    ice_cave_statue_garden_chambered

Skill      XL: |  1  2  3  4  5  6  7  8  9 10 11 |
---------------+----------------------------------+-----
Fighting       | 4 5 6 8 10 11 13 | 13.1
Maces & Flails | 3 4 5 7 8 10 11 | 11.6
Shields        | 4 |  4.0
Armour         | 4 5 6 7 8 9 |  9.6
Invocations    | 2 |  2.9

Action                     |  1- 3 |  4- 6 |  7- 9 | 10-12 || total
---------------------------+-------+-------+-------+-------++-------
  Melee: Flail             |   169 |   194 |   219 |       ||   582
         Mace              |       |       |    15 |       ||    15
         Whip              |       |       |    69 |   305 ||   374
  Throw: Throwing net      |       |     3 |     1 |       ||     4
         Boomerang         |       |       |    25 |    12 ||    37
 Invoke: Divine Shield     |       |       |     1 |       ||     1
  Evoke: Wand              |       |     3 |     2 |    16 ||    21
    Use: Potion            |       |     4 |     1 |     1 ||     6
         Scroll            |       |       |     9 |     5 ||    14
 Armour: Scale mail        |   133 |       |       |       ||   133
         Chain mail        |    11 |   192 |   245 |   114 ||   562
         Plate armour      |       |       |       |    79 ||    79
         Acid dragon scale |       |       |       |   130 ||   130
  Dodge: Dodged            |    98 |    81 |    98 |   122 ||   399
  Block: Buckler           |    43 |    53 |    87 |   102 ||   285
